 Seeded DCSS version 0.29.1-12-g30fa7ad0bf (webtiles) character file.

Game seed: 9845822215292249863 (custom seed)

7 OTABOTABOTAB the Conjurer (level 1, -1/10 HPs)
             Began as a Deep Elf Conjurer on Jan 10, 2023.
             Slain by a gnoll
             ... wielding a +0 club
              (7 damage)
             ... on level 1 of the Dungeon.
             The game lasted 00:00:23 (300 turns).

OTABOTABOTAB the Conjurer (Deep Elf Conjurer)        Turns: 300, Time: 00:00:24

Health: -1/10      AC:  2    Str:  4    XL:     1   Next: 83%
Magic:  2/6        EV: 12    Int: 22    God:
Gold:   0          SH:  0    Dex: 13    Spells: 5/6 levels left

rFire   . . .      SeeInvis .   b - +0 spear
rCold   . . .      Faith    .   (no shield)
rNeg    . . .      Spirit   .   a - +0 robe
rPois   .          Reflect  .   (no helmet)
rElec   .          Harm     .   (no cloak)
rCorr   .          Rampage  .   (no gloves)
Will    .....                   (no boots)
Stlth   ++........              (no amulet)
HPRegen 0.03/turn               (no ring)
MPRegen 0.10/turn               (no ring)

@: no status effects
A: no striking features
a: no special abilities


You were on level 1 of the Dungeon.
You visited 1 branch of the dungeon, and saw 1 of its levels.

Inventory:

Hand Weapons
 b - a +0 spear (weapon)
   (You found it on level 1 of the Dungeon)
Armour
 a - a +0 robe (worn)
Scrolls
 c - a scroll of teleportation {unknown}
 d - a scroll of identify {unknown}
Potions
 M - a potion of magic


   Skills:
 - Level 2.4 Dodging
 - Level 2.4 Stealth
 + Level 3.4 Spellcasting
 + Level 4.6 Conjurations


You had 5 spell levels left.
You knew the following spells:

 Your Spells              Type           Power      Damage    Failure   Level
a - Magic Dart            Conj           96%        1d7       1%          1

Your spell library contained the following spells:

 Spells                   Type           Power      Damage    Failure   Level
 Searing Ray              Conj           48%        2d6       2%          2
 Dazzling Flash           Conj/Hex       26%        N/A       14%         3
 Fulminant Prism          Conj/Hex       6%         3d7       43%         4
 Iskenderun's Mystic Bla  Conj/Tloc      13%        2d5       43%         4


Dungeon Overview and Level Annotations

Branches:
Dungeon (1/15)

Altars:


Message History

Bad channel name for runrest: 'Jiyva says: Divide and consume' Welcome, OTABOTABOTAB the Deep Elf Conjurer.
Game seed: 9845822215292249863 (custom seed)
Found three items.
Found a staircase leading out of the dungeon.
b - a +0 spear
c - a scroll labelled ELIAKK XIAPU
d - a scroll labelled OTEOLOMATOH A dart slug comes into view.
A dart slug is nearby!
The magic dart hits the dart slug but does no damage.
The dart slug launches a dart at you. The slug dart hits you.
Ouch! That really hurt!
You take 5 damage, and have 5/10 hp.
MASSIVE DAMAGE!!
You now have 5/6 mp.
Aim: a dart slug (100% to hit)
The magic dart hits the dart slug.
You now have 4/6 mp.
Aim: a dart slug (lightly wounded, 100% to hit)
The magic dart hits the dart slug.
A rat comes into view.
You now have 3/6 mp.
Aim: a dart slug (severely wounded, 100% to hit)
The magic dart hits the dart slug.
You kill the dart slug!
You now have 2/6 mp.
Aim: a rat (100% to hit)
The magic dart hits the rat.
You kill the rat!
You now have 1/6 mp.
You see here a dart slug corpse.
A kobold comes into view. It is wielding a +0 short sword.
Health restored: 10; MP restored: 6 The magic dart hits the kobold.
The kobold shouts!
You now have 5/6 mp.
The magic dart hits the kobold.
You kill the kobold!
You now have 4/6 mp.
No target in view!
e - a +0 short sword You see here a kobold corpse.
MP restored: 6
e - a +0 short sword (weapon)
Found an escape hatch in the floor.
b - a +0 spear (weapon)
You drop a +0 short sword.
There is an escape hatch in the floor here.
A bat comes into view.
The magic dart hits the bat.
You kill the bat!
You now have 5/6 mp.
No target in view!
No target in view!
A goblin and a gnoll come into view.
The goblin shouts!
The gnoll shouts!
MP restored: 6 You closely miss the goblin.
The goblin closely misses you.
You hit the goblin.
A bat comes into view.
The goblin hits you but does no damage. The goblin attacks as you move away!
The goblin hits you with a +0 dagger.
You take 1 damage, and have 9/10 hp.
Aim: a goblin, wielding a +0 dagger (moderately wounded, 100% to hit)
The magic dart hits the goblin.
You kill the goblin!
You now have 5/6 mp.
Aim: a gnoll, wielding a +0 club (100% to hit)
The magic dart hits the gnoll.
You now have 4/6 mp.
Aim: a gnoll, wielding a +0 club (moderately wounded, 100% to hit)
The magic dart hits the gnoll.
The gnoll hits you with a +0 club.
You take 4 damage, and have 5/10 hp.
MASSIVE DAMAGE!!
You now have 3/6 mp.
Unknown command.
Aim: a gnoll, wielding a +0 club (severely wounded, 100% to hit)
The magic dart hits the gnoll.
The gnoll hits you with a +0 club!
Ouch! That really hurt!
You die...

.#.#.#. #.....# ..... .#
#..... #.#.##.## #.....
##†#...... #..... ##.......#
.... #..####### #.## ##....#
.############..####..##.#
.............@g.........#
~~~~~~≈~P...P≈≈~≈~~~≈P..#
~≈~~~~≈≈~...~≈≈~~~~≈~~..#
≈≈~~~~≈≈~...~~≈~~~~≈≈~..#
~~~~~≈≈~.....~~~~~≈~~P..#
#............<............##
#.P~~≈~~~~~.....~~~~~~~≈P.#
#.~~≈~~~~~≈~...~~~~~~~≈≈≈.#
#.~~≈~~~~≈≈~...~~≈~~~~≈≈~.#


You could see a gnoll.

Vanquished Creatures
  A dart slug (D:1)
  A goblin (D:1)
  A kobold (D:1)
  A bat (D:1)
  A rat (D:1)
5 creatures vanquished.

Notes
Turn   | Place    | Note
-------+----------+-------------------------------------------
     0 | D:1      | OTABOTABOTAB the Deep Elf Conjurer began the quest for the
                  | Orb.
     0 | D:1      | Reached XP level 1. HP: 10/10 MP: 6/6
   300 | D:1      | Slain by a gnoll

Illustrated notes

Levels and vault maps discovered:
D:1:      giann_bridges, layout_basic

Action                   || total
-------------------------++-------
Melee: Spear             ||     2
 Cast: Magic Dart        ||    12
Armor: Robe              ||     1
Dodge: Dodged            ||     1

Table legend: (Time is in decaauts)
 A = Elapsed time spent in this place.
 B = Non-inter-level travel time spent in this place.
 C = Inter-level travel time spent in this place.
 D = Time resting spent in this place.
 E = Time spent auto-exploring this place.
 F = Levels seen in this place.
 G = Mean time per level.
                   A        B        C        D        E       F      G
               +--------+--------+--------+--------+--------+-----+--------+
         Total |    299 |    299 |      0 |      0 |    264 |   1 |  299.0 |
       Dungeon |    299 |    299 |      0 |      0 |    264 |   1 |  299.0 |
               +--------+--------+--------+--------+--------+-----+--------+

Top non-repeatable levels by time:
     D:1: 299 daAuts

Table legend:
 A = Kills in this place as a percentage of kills in entire the game.
 B = Kills by you in this place as a percentage of kills by you in the entire game.
 C = Kills by friends in this place as a percentage of kills by friends in the entire game.
 D = Other kills in this place as a percentage of other kills in the entire game.
 E = Experience gained in this place as a percentage of experience gained in the entire game.
 F = Experience gained in this place divided by the number of levels of this place that you have seen.
                   A       B       C       D       E      F
               +-------+-------+-------+-------+-------+----------------------
         Total | 100.0 | 100.0 |   N/A |   N/A | 100.0 |  10.0
       Dungeon | 100.0 | 100.0 |   N/A |   N/A | 100.0 |  10.0
               +-------+-------+-------+-------+-------+----------------------
